 Dungeon Crawl Stone Soup version 0.16.1-11-g651b585 (webtiles) character file.

103681 Chiseanne the Unseen (level 15, -18/74 HPs)
             Began as a Spriggan Assassin on Apr 7, 2015.
             Was an Elder of Dithmenos.
             Killed from afar by a greater naga (45 damage)
             ... with a poison arrow
             ... on level 4 of the Snake Pit.
             The game lasted 03:14:35 (38347 turns).

Chiseanne the Unseen (Spriggan Assassin)           Turns: 38347, Time: 03:14:36

Health: -18/74     AC:  8    Str:  7    XL:     15   Next: 89%
Magic:  34/37      EV: 38    Int: 14    God:    Dithmenos [****..]
Gold:   213        SH: 12    Dex: 28    Spells: 5 memorised, 26 levels left

rFire  + . .     SeeInvis +     s - +2 dagger (venom)
rCold  . . .     Clarity  .     i - +3 robe of Clouds {+Fly rElec}
rNeg   + . .     SustAb   .     M - +1 buckler
rPois  .         Gourm    .     T - +0 hat
rElec  +         Spirit   .     Y - +2 cloak {+Inv}
rCorr  .         Warding  +     (gloves unavailable)
rMut   .         Stasis   .     (boots unavailable)
MR     ++...                    p - amulet of warding
Stlth  ++++++++++               c - +5 ring of dexterity
                                u - ring of protection from fire

@: lethally poisoned (-18 -> -58), very slightly contaminated, wreathed by
umbra, very quick, very resistant to hostile enchantments, uncannily stealthy
A: unfitting armour, see invisible, herbivore 3, speed 3, slow metabolism 2,
spit poison 1
a: Spit Poison, Shadow Step, Renounce Religion, Evoke Invisibility, Evoke Flight


You were on level 4 of the Snake Pit.
You worshipped Dithmenos.
Dithmenos was greatly pleased with you.
You were full.

You visited 4 branches of the dungeon, and saw 31 of its levels.
You also visited: Volcano.

You collected 3225 gold pieces.
You spent 3012 gold pieces at shops.

Inventory:

Hand weapons
 a - a +2 dagger of electrocution
 d - a +1 rapier
 s - a +2 dagger of venom (weapon)
 w - a +0 blowgun
Missiles
 h - 16 bolts
 q - 37 tomahawks (quivered)
 A - 7 poisoned needles
 K - 2 needles of confusion
 Q - 2 curare-tipped needles
 V - 2 steel tomahawks
Armour
 f - a +2 troll leather armour
 i - the +3 robe of Clouds (worn) {+Fly rElec}
   (You acquired it on level 1 of the Snake Pit)

   It insulates you from electricity.
   It lets you fly.
 M - a +1 buckler (worn)
 T - a +0 hat (worn)
 Y - a +2 cloak of invisibility (worn)
Jewellery
 c - a +5 ring of dexterity (right hand)
 p - an amulet of warding (around neck)
 u - a ring of protection from fire (left hand)
Magical devices
 e - a wand of heal wounds (2)
 r - a wand of lightning (0)
 H - a wand of digging (9)
Scrolls
 l - 3 scrolls of fog
 x - 5 scrolls of recharging
 y - 6 scrolls of remove curse
 C - a scroll of fear
 G - 12 scrolls of teleportation
 O - 7 scrolls of identify
Potions
 j - 3 potions of resistance
 o - 5 potions of agility
 v - 5 potions of berserk rage
 z - 2 potions of invisibility
 E - a potion of cancellation
 I - 11 potions of curing
 J - 5 potions of restore abilities
 L - 8 potions of heal wounds
 P - 5 potions of haste
 R - 2 potions of lignification
 S - 4 potions of flight
 U - 3 potions of might
Miscellaneous
 b - a fan of gales
Comestibles
 g - 24 bread rations
 k - 3 fruits
 B - 4 slices of pizza


   Skills:
 - Level 6.8 Fighting
 - Level 10.0 Short Blades
 - Level 4.3 Throwing
 - Level 2.1 Armour
 - Level 16.9 Dodging
 - Level 19.4 Stealth
 - Level 10.1 Shields
 - Level 11.7 Spellcasting
 - Level 11.0 Hexes
 - Level 2.1 Earth Magic
 + Level 3.1 Evocations


You had 26 spell levels left.
You knew the following spells:

 Your Spells              Type           Power        Failure   Level  Hunger
a - Corona                Hex            #####..      1%          1    None
b - Stoneskin             Trmt/Erth      ##......     10%         2    None
c - Ensorcelled Hibernat  Hex/Ice        ###...       1%          2    None
d - Confuse               Hex            #####...     1%          3    None
e - Dazzling Spray        Conj/Hex       ###.....     3%          3    None


Dungeon Overview and Level Annotations

Branches:
Dungeon (15/15)            Temple (0/1) D:4            Lair (8/8) D:11
 Shoals (0/5) Lair:6        Snake (4/5) Lair:5        Slime (0/6) Lair:8
    Orc (4/4) D:11            Elf (0/3) Orc:3        Vaults (0/5) D:13
 Depths (0/5) D:15

Altars:
Ashenzari
Cheibriados
Dithmenos
Elyvilon
Gozag
Kikubaaqudgha
Makhleb
Okawaru
Ru
Sif Muna
Trog
Xom
Yredelemnul
The Shining One
Jiyva

Shops:
D:7 %   D:15 *   Orc:4 ?:!!

Annotations:
D:8 exclusion: door


Innate Abilities, Weirdness & Mutations

You are tiny and cannot use many weapons and most armour.
You have supernaturally acute eyesight.
You are a herbivore.
You cover ground extremely quickly.
You need consume almost no food.
You can spit poison.


Message History

Okay, then.
Use which ability? (? or * to list)
Okay, then.
Read which item? (? for menu, Esc to quit)
As you read the scroll of fear, it crumbles to dust.
You assume a fearsome visage.
The greater naga resists with almost no effort.
You feel sick. The greater naga completely misses you.
The greater naga constricts you.
Read which item? (? for menu, Esc to quit)
Blink to where?
Press: ? - help, Dir - move target cursor, p - greater naga You escape the greater naga's grasp.
You are very lightly contaminated with residual magic.
As you read the scroll of blinking, it crumbles to dust.
You feel sick.
The greater naga points at you and mumbles some strange words.
The poison arrow hits you!
You are lethally poisoned!
Ouch! That really hurt!
You die...

#### #..... ##.......
############......(.
##...................
#.......@.............
.............§N..?....
..........§.§§.......
##....>.?...........
......?.............
......(............
.<...............
...............
.....########


You could see a greater naga.

Vanquished Creatures
  Rupert (Lair:5)
  An orc warlord (Orc:1)
  2 fire dragons (Lair:8)
  8 vault guards (D:13)
  An ice dragon (Lair:3)
  5 hydras
  7 centaur warriors
  A tengu warrior (D:11)
  5 orc high priests (Orc:4)
  A naga sharpshooter (Snake:1)
  A deep elf knight (Volcano)
  7 unseen horrors
  9 hill giants
  Pikel (D:7)
  5 orc knights
  A griffon (Lair:8)
  2 mana vipers
  3 manticores
  An orc sorcerer (Orc:4)
  A salamander (shapeshifter) (D:14)
  17 ugly things
  6 elephants
  4 cyclopes
  4 black mambas
  4 gargoyles
  13 spiny frogs
  A naga mage (Snake:1)
  Psyche (Orc:2)
  A tengu conjurer (D:13)
  5 fire drakes
  8 komodo dragons
  2 freezing wraiths (D:15)
  A deep elf priest (Volcano)
  A two-headed ogre (shapeshifter) (D:13)
  8 trolls
  3 two-headed ogres
  A raiju (Lair:8)
  A slime creature (D:11)
  2 ravens
  8 polar bears (Lair:8)
  6 basilisks
  4 deep elf magi
  A boulder beetle (Lair:8)
  12 blink frogs
  4 trapdoor spiders
  A shadow (D:11)
  3 wyverns
  A water elemental (D:13)
  37 yaks
  A deep elf fighter (Volcano)
  3 vampire mosquitoes (D:12)
  A hungry ghost (D:11)
  A vampire (D:15)
  4 wraiths
  3 steam dragons
  11 hippogriffs
  14 wolves
  6 mottled dragons
  A soldier ant (Orc:1)
  9 wargs
  10 porcupines
  20 water moccasins
  3 nagas
  12 black bears (Lair:8)
  An ice beast (D:13)
  5 hell hounds (Lair:8)
  34 orc warriors
  A slave (D:7)
  4 necrophages
  A wasp (D:10)
  2 eyes of draining
  4 sky beasts
  15 ogres
  21 centaurs
  18 crocodiles
  3 phantoms
  16 big kobolds
  Duvessa (D:6)
  A brain worm (D:12)
  An earth elemental (D:15)
  A gnoll sergeant (D:8)
  A water moccasin skeleton (D:12)
  A wyvern zombie (D:11)
  14 giant frogs
  3 scorpions
  4 jellies
  12 killer bees
  3 electric eels
  4 wights
  3 goliath beetles (D:5)
  2 lava snakes
  Dowan (D:6)
  10 crimson imps
  3 centaur zombies
  2 giant frog zombies
  40 orc priests
  22 hounds
  13 iguanas
  2 giant frog skeletons
  Crazy Yiuf (D:2)
  A gnoll shaman (D:3)
  2 quasits
  3 centaur skeletons
  2 hell rats (Lair:4)
  25 orc wizards
  24 sheep
  10 worker ants
  Ijyb (D:3)
  5 mummies
  3 worker ant zombies
  27 adders
  10 gnolls
  8 giant mites
  56 river rats
  9 shadow imps
  4 worms
  An orc zombie (D:13)
  An adder skeleton (D:8)
  An adder zombie (D:5)
  3 giant geckos
  207 orcs
  A bat skeleton (D:6)
  2 bat zombies
  3 giant cockroaches
  18 goblins
  15 hobgoblins
  18 jackals
  30 kobolds
  A ball python (D:1)
  13 bats
  3 giant newts
  A giant spore (D:7)
  A jackal skeleton (D:5)
  12 quokkas
  A quokka skeleton (D:5)
  15 rats
  2 ballistomycetes (D:7)
  A butterfly (Lair:1)
  8 plants
1140 creatures vanquished.

Vanquished Creatures (others)
  A black bear (D:6)
  A centaur (D:6)
  A giant frog (D:6)
  A scorpion (D:6)
  A worker ant (D:6)
  An adder (D:6)
  2 orcs
  A hobgoblin (D:6)
  A bat (D:6)
  2 kobolds
  A rat (D:6)
  A fungus (Lair:8)
  3 plants
17 creatures vanquished.

Grand Total: 1157 creatures vanquished

Notes
Turn   | Place    | Note
--------------------------------------------------------------
     0 | D:1      | Chiseanne, the Spriggan Assassin, began the quest for the Orb.
     0 | D:1      | Reached XP level 1. HP: 10/10 MP: 2/2
   129 | D:1      | Reached skill level 6 in Stealth
   996 | D:1      | Reached XP level 2. HP: 7/14 MP: 4/4
  1622 | D:2      | Noticed Crazy Yiuf
  1720 | D:2      | Killed Crazy Yiuf
  1720 | D:2      | Reached skill level 7 in Stealth
  1720 | D:2      | Reached XP level 3. HP: 18/18 MP: 6/6
  2031 | D:2      | Reached skill level 8 in Stealth
  2275 | D:2      | Found a snail-covered altar of Cheibriados.
  2305 | D:2      | Reached XP level 4. HP: 17/22 MP: 8/8
  2347 | D:2      | Learned a level 2 spell: Stoneskin
  2608 | D:3      | Found a basalt altar of Yredelemnul.
  2718 | D:3      | Reached skill level 9 in Stealth
  2874 | D:3      | Reached XP level 5. HP: 11/25 MP: 10/10
  3101 | D:3      | Found an iron altar of Okawaru.
  3284 | D:3      | Reached skill level 10 in Stealth
  4119 | D:3      | Noticed Ijyb
  4135 | D:3      | Killed Ijyb
  4334 | D:3      | Reached XP level 6. HP: 25/30 MP: 12/12
  4797 | D:4      | Reached skill level 11 in Stealth
  4968 | D:4      | You fall through a shaft for 2 floors!
  4968 | D:6      | Noticed Duvessa
  4968 | D:6      | Noticed Dowan
  4996 | D:6      | Killed Duvessa
  5008 | D:6      | Killed Dowan
  5008 | D:6      | Reached XP level 7. HP: 18/33 MP: 14/14
  5185 | D:6      | Noticed a water moccasin
  5229 | D:5      | Entered Level 5 of the Dungeon
  5428 | D:4      | Found a shadowy altar of Dithmenos.
  5448 | D:4      | Became a worshipper of Dithmenos the Shadowed
  5492 | D:4      | Found an ancient bone altar of Kikubaaqudgha.
  5519 | D:4      | Reached skill level 12 in Stealth
  5752 | D:4      | Reached skill level 5 in Dodging
  6005 | D:4      | Found a staircase to the Ecumenical Temple.
  6539 | D:5      | Found a runed door.
  6566 | D:5      | Found a runed door.
  6692 | D:5      | Found a glowing golden altar of the Shining One.
  6963 | D:5      | Reached skill level 13 in Stealth
  6963 | D:5      | Reached XP level 8. HP: 37/37 MP: 16/16
  7208 | D:6      | Found a shimmering altar of Xom.
  7607 | D:6      | Acquired Dithmenos' first power
  7762 | D:6      | Killed a water moccasin
  8072 | D:6      | Found a white marble altar of Elyvilon.
  8619 | D:6      | Reached skill level 14 in Stealth
  8747 | D:7      | Found an opulent altar of Gozag.
  8777 | D:6      | Reached skill level 10 in Dodging
  8985 | D:7      | Found Fukk's Food Shop.
  8993 | D:7      | Bought a bread ration for 60 gold pieces
  8993 | D:7      | Bought a bread ration for 60 gold pieces
  8993 | D:7      | Bought a bread ration for 60 gold pieces
  9268 | D:7      | Noticed Pikel
  9296 | D:7      | Killed Pikel
  9296 | D:7      | Reached XP level 9. HP: 29/41 MP: 18/18
  9623 | D:7      | Found a bloodstained altar of Trog.
  9926 | D:8      | Reached skill level 15 in Stealth
 10057 | D:8      | Acquired Dithmenos' second power
 10222 | D:8      | Reached skill level 1 in Shields
 10495 | D:8      | Found a burning altar of Makhleb.
 10733 | D:8      | Noticed a three-headed hydra
 10911 | D:8      | Reached XP level 10. HP: 46/46 MP: 19/19
 11323 | D:9      | Acquired Dithmenos' third power
 11323 | D:9      | Reached skill level 16 in Stealth
 11379 | D:9      | Found a deep blue altar of Sif Muna.
 11525 | D:9      | Found a sacrificial altar of Ru.
 11811 | D:9      | Noticed a hill giant
 11967 | D:9      | Killed a hill giant
 12234 | D:9      | Reached skill level 17 in Stealth
 12410 | D:10     | Entered Level 10 of the Dungeon
 12741 | D:10     | Reached skill level 15 in Dodging
 13500 | D:10     | Reached XP level 11. HP: 49/49 MP: 20/20
 13662 | D:11     | Noticed a four-headed hydra
 13667 | D:11     | Killed a four-headed hydra
 14892 | D:11     | Acquired Dithmenos' fourth power
 14898 | D:11     | Noticed a hill giant
 14924 | D:11     | Found a staircase to the Orcish Mines.
 14979 | D:11     | Killed a hill giant
 15630 | D:11     | Noticed an unseen horror
 15652 | D:11     | Killed an unseen horror
 15652 | D:11     | Reached skill level 5 in Shields
 15675 | D:11     | Found a staircase to the Lair.
 16026 | D:11     | Noticed a centaur warrior
 16039 | D:11     | Killed a centaur warrior
 16082 | D:11     | Noticed a tengu warrior
 16919 | D:11     | Killed a tengu warrior
 16919 | D:11     | Reached XP level 12. HP: 22/53 MP: 21/21
 17162 | Lair:1   | Entered Level 1 of the Lair of Beasts
 18642 | Lair:1   | Learned a level 1 spell: Corona
 18645 | Lair:1   | Learned a level 2 spell: Ensorcelled Hibernation
 18649 | Lair:1   | Learned a level 3 spell: Confuse
 18653 | Lair:1   | Learned a level 3 spell: Dazzling Spray
 19887 | Lair:3   | Noticed a seven-headed hydra
 19890 | Lair:3   | Killed a seven-headed hydra
 19905 | Lair:3   | Noticed an ice dragon
 19908 | Lair:3   | Killed an ice dragon
 19908 | Lair:3   | Reached skill level 10 in Shields
 20176 | Lair:3   | Reached skill level 1 in Armour
 21178 | Lair:4   | Noticed a five-headed hydra
 21185 | Lair:4   | Killed a five-headed hydra
 21631 | Lair:5   | Reached XP level 13. HP: 60/60 MP: 22/22
 21713 | Lair:5   | Noticed Rupert
 21774 | Lair:5   | Killed Rupert
 21774 | Lair:5   | Reached skill level 5 in Short Blades
 22212 | Lair:5   | Found a staircase to the Snake Pit.
 22324 | Lair:5   | Reached skill level 5 in Fighting
 22717 | Lair:6   | Found a staircase to the Shoals.
 22847 | Lair:6   | Identified a scroll of acquirement
 22850 | Lair:6   | Got an ominously black robe
 22869 | Lair:6   | Identified the +4 robe "Bulus" {rPois rF- rN+ MP-9 Int+7} (You acquired it on level 6 of the Lair of Beasts)
 24620 | Lair:8   | Entered Level 8 of the Lair of Beasts
 25274 | Lair:8   | Found a viscous altar of Jiyva.
 25279 | Lair:8   | Found a staircase to the Slime Pits.
 25672 | Lair:8   | Reached skill level 10 in Short Blades
 25957 | Lair:8   | Reached skill level 1 in Spellcasting
 25957 | Lair:8   | Reached skill level 1 in Hexes
 26144 | Lair:8   | Reached XP level 14. HP: 70/70 MP: 24/25
 26898 | Lair:8   | Reached skill level 5 in Spellcasting
 27362 | Orc:1    | Entered Level 1 of the Orcish Mines
 27367 | Orc:1    | Noticed an orc warlord
 27682 | Orc:1    | Killed an orc warlord
 28082 | Orc:2    | Noticed Psyche
 28086 | Orc:2    | Killed Psyche
 28130 | Orc:2    | Reached skill level 5 in Hexes
 29131 | Orc:3    | Found a staircase to the Elven Halls.
 29372 | Orc:4    | Entered Level 4 of the Orcish Mines
 29934 | Orc:4    | Found a dark tunnel.
 29941 | Volcano  | Entered a volcano
 30094 | Volcano  | Found a burning altar of Makhleb.
 32084 | Orc:4    | Found Muicsairr's Distillery.
 32085 | Orc:4    | Found Okoguck's Magic Scroll Shoppe.
 32085 | Orc:4    | Found Thuca's Distillery.
 32086 | Orc:4    | Found Giekh's Book Emporium.
 32098 | Orc:4    | Bought a scroll of identify for 28 gold pieces
 32098 | Orc:4    | Bought a scroll of teleportation for 42 gold pieces
 32098 | Orc:4    | Bought a scroll of remove curse for 42 gold pieces
 32098 | Orc:4    | Bought a scroll of fog for 28 gold pieces
 32098 | Orc:4    | Bought a scroll of identify for 28 gold pieces
 32098 | Orc:4    | Bought 3 scrolls of teleportation for 126 gold pieces
 32098 | Orc:4    | Bought a scroll of teleportation for 42 gold pieces
 32098 | Orc:4    | Bought a scroll of remove curse for 42 gold pieces
 32098 | Orc:4    | Bought a scroll of enchant weapon for 105 gold pieces
 32105 | Orc:4    | Bought a potion of might for 64 gold pieces
 32105 | Orc:4    | Bought 2 potions of might for 128 gold pieces
 32105 | Orc:4    | Bought a potion of restore abilities for 80 gold pieces
 32105 | Orc:4    | Bought a potion of beneficial mutation for 560 gold pieces
 32105 | Orc:4    | Bought a potion of agility for 64 gold pieces
 32105 | Orc:4    | Gained mutation: You can spit poison. [potion of beneficial mutation]
 32107 | Orc:4    | Bought a potion of haste for 130 gold pieces
 32107 | Orc:4    | Bought a potion of curing for 39 gold pieces
 32107 | Orc:4    | Bought a potion of heal wounds for 65 gold pieces
 32107 | Orc:4    | Bought a potion of haste for 130 gold pieces
 32107 | Orc:4    | Bought a potion of curing for 39 gold pieces
 32107 | Orc:4    | Bought a potion of curing for 39 gold pieces
 32107 | Orc:4    | Bought a potion of agility for 52 gold pieces
 32107 | Orc:4    | Bought a potion of flight for 39 gold pieces
 32107 | Orc:4    | Bought a potion of berserk rage for 65 gold pieces
 32107 | Orc:4    | Bought a potion of berserk rage for 65 gold pieces
 32108 | Orc:4    | Bought a potion of berserk rage for 80 gold pieces
 32108 | Orc:4    | Bought 2 potions of resistance for 320 gold pieces
 33262 | D:12     | Reached skill level 10 in Spellcasting
 33604 | D:13     | Reached XP level 15. HP: 74/74 MP: 32/36
 33734 | D:13     | Found a gate to the Vaults.
 34195 | D:13     | Reached skill level 10 in Hexes
 35620 | D:14     | Reached skill level 1 in Earth Magic
 35906 | D:14     | Reached skill level 18 in Stealth
 36191 | D:15     | Entered Level 15 of the Dungeon
 36946 | D:15     | Reached skill level 19 in Stealth
 36973 | D:15     | Found Qihifre's Pet Rocks.
 37216 | D:15     | Found a staircase to the Depths.
 37385 | D:15     | Bought a wand of digging (9) for 390 gold pieces
 38069 | Snake:1  | Entered Level 1 of the Snake Pit
 38210 | Snake:1  | Found a shattered altar of Ashenzari.
 38219 | Snake:1  | Reached skill level 1 in Evocations
 38347 | Snake:4  | Killed from afar by a greater naga

Action                   |  1- 3 |  4- 6 |  7- 9 | 10-12 | 13-15 || total
-------------------------+-------+-------+-------+-------+-------++-------
Melee: Dagger            |    48 |   133 |   504 |   921 |  2404 ||  4010
       Mace              |       |       |    80 |    20 |       ||   100
       Rapier            |       |       |       |    29 |       ||    29
 Fire: Blowgun           |    21 |    63 |   105 |   434 |   398 ||  1021
Throw: Tomahawk          |       |       |    12 |    10 |    41 ||    63
 Cast: Corona            |       |       |       |       |    78 ||    78
       Ensorcelled Hiber |       |       |       |       |   130 ||   130
       Dazzling Spray    |       |       |       |       |    35 ||    35
       Confuse           |       |       |       |       |    15 ||    15
       Stoneskin         |       |       |       |       |     1 ||     1
Invok: Shadow Step       |       |       |       |     3 |    36 ||    39
Evoke: Wand              |       |       |     9 |       |    19 ||    28
       Fan of gales      |       |       |       |       |     1 ||     1
  Use: Scroll            |     9 |     7 |     7 |    11 |    21 ||    55
       Potion            |       |     5 |     5 |       |     5 ||    15
 Stab: Sleeping          |    13 |    11 |    38 |    84 |   238 ||   384
       Distracted        |     2 |       |     6 |    17 |    47 ||    72
       Paralysed         |       |       |     3 |       |       ||     3
       Confused          |       |       |       |       |    11 ||    11
       Invisible         |       |       |       |       |     7 ||     7
  Eat: Pizza             |       |     1 |       |       |     5 ||     6
       Bread ration      |       |       |     1 |       |       ||     1
       Fruit             |       |       |       |    18 |    11 ||    29
       Royal jelly       |       |       |       |     2 |     2 ||     4
